 Dungeon Crawl Stone Soup version 0.19-a0-854-gc78d25d (webtiles) character file.

88 Gruud the Slasher (level 4, -1/33 HPs)
             Began as a Demonspawn Gladiator on July 1, 2016.
             Killed from afar by Sigmund (10 damage)
             ... with a puff of flame
             ... on level 2 of the Dungeon.
             The game lasted 00:04:37 (1578 turns).

Gruud the Slasher (Demonspawn Gladiator)            Turns: 1578, Time: 00:04:38

Health: -1/33      AC:  3    Str: 16    XL:     4   Next: 29%
Magic:  4/4        EV:  9    Int: 10    God:
Gold:   67         SH:  7    Dex: 13    Spells: 0 memorised, 3 levels left

rFire  . . .     SeeInvis .     t - +2 whip (elec)
rCold  . . .     Gourm    .     b - +0 leather armour
rNeg   . . .     Faith    .     m - +0 shield
rPois  .         Spirit   .     (helmet restricted)
rElec  .         Dismiss  .     (no cloak)
rCorr  .         Reflect  .     (no gloves)
SustAt .         Harm     .     (no boots)
MR     ++...                    g - amulet of regeneration
Stlth  +.........               o - ring of protection from magic
                                l - ring of protection from magic

@: very resistant to hostile enchantments, very unstealthy
A: horns 1, powered by pain 1
a: no special abilities


You were on level 2 of the Dungeon.
You were not hungry.

You visited 1 branch of the dungeon, and saw 2 of its levels.

You collected 67 gold pieces.

Inventory:

Hand Weapons
 a - a +0 long sword
 t - a +2 whip of electrocution (weapon)
Armour
 b - a +0 leather armour (worn)
 c - a +0 helmet
 m - a +0 shield (worn)
Jewellery
 g - an amulet of regeneration (around neck)
 l - a ring of protection from magic (left hand)
 o - a ring of protection from magic (right hand)
Scrolls
 e - 2 scrolls of identify
 h - a scroll of fear {unknown}
 i - a scroll of remove curse {unknown}
 n - a scroll of amnesia {unknown}
 q - a scroll of enchant armour {unknown}
 r - a scroll of magic mapping {unknown}
Potions
 j - a potion of curing
 s - 2 potions of lignification
Comestibles
 f - a bread ration


   Skills:
 - Level 2.0 Fighting
 - Level 3.9 Long Blades
 - Level 1.7 Throwing
 - Level 2.6 Dodging
 * Level 2.2 Unarmed Combat


You had 3 spell levels left.
You didn't know any spells.

Dungeon Overview and Level Annotations

Branches:
Dungeon (2/15)

Altars:

Annotations:
D:2 Sigmund


Innate Abilities, Weirdness & Mutations

You have a pair of small horns on your head.
You sometimes gain a little power by taking damage.


Message History

Really target yourself?
Okay, then.
Throwing (i - inventory):
d - 2 throwing nets (quivered)
Press: ? - help, Shift-Dir - straight line You throw a throwing net.
Something hits you.
Throwing (i - inventory):
d - a throwing net (quivered)
Press: ? - help, Shift-Dir - straight line You throw a throwing net.
You closely miss something. Something hits you!
You hit something. Something hits you!
Your shield prevents you from hitting something.
Something hits you.
* * * LOW HITPOINT WARNING * * *
You hit something.
There is a sudden explosion of sparks!
You headbutt something. You closely miss something. You headbutt something.
You hear some strange, mumbled words.
A puff of flame appears from out of thin air!
The puff of flame hits you!
You die...

#.# #....#........#
#.###...##........#
..................#
....#.####........#
...........)......#
<....#####........###
.....# ####<......# ....)#
#..(....# .....# #...@...#
.....########.(..{..#
...#.....##......#(##
#.####..>...####..(## #.#
#....#### ##...# #..
#.....K.####.#.######
.[.......................#
.###.....####S###........#
.........####...#........#


There were no monsters in sight!

Vanquished Creatures
  5 adders
  A worm (D:2)
  3 dart slugs
  A giant gecko (D:1)
  A goblin (D:1)
  6 hobgoblins
  2 jackals (D:1)
  4 kobolds (D:1)
  A ball python (D:2)
  5 bats
  3 giant newts
  4 rats
36 creatures vanquished.

Notes
Turn   | Place    | Note
-------+----------+-------------------------------------------
     0 | D:1      | Gruud the Demonspawn Gladiator began the quest for the Orb.
     0 | D:1      | Reached XP level 1. HP: 16/16 MP: 1/1
   166 | D:1      | Reached skill level 3 in Long Blades
   202 | D:1      | Gained mutation: You sometimes gain a little power by taking damage. [demonic ancestry]
   202 | D:1      | Reached XP level 2. HP: 22/22 MP: 2/2
   705 | D:2      | Gained mutation: You have a pair of small horns on your head. [demonic ancestry]
   705 | D:2      | Reached XP level 3. HP: 21/27 MP: 3/3
   727 | D:2      | Reached skill level 1 in Unarmed Combat
  1390 | D:2      | Noticed Sigmund
  1394 | D:2      | Reached XP level 4. HP: 33/33 MP: 4/4
  1578 | D:2      | Killed from afar by Sigmund

Vault maps used:
D:1:      evilmike_arrival_crescent
D:2:      grunt_temple_overflow_diamond, uniq_sigmund

Skill      XL: |  1  2  3  4 |
---------------+-------------+-----
Long Blades    | 3 |  3.9
Unarmed Combat | 1 2 |  2.2
Fighting       | |  2.0
Throwing       | |  1.7
Dodging        | |  2.6

Action                   |  1- 3 |  4- 6 || total
-------------------------+-------+-------++-------
Melee: Long sword        |   138 |    14 ||   152
       Headbutt          |    13 |     3 ||    16
       Whip              |       |     6 ||     6
Throw: Tomahawk          |     4 |     2 ||     6
       Throwing net      |       |     3 ||     3
  Use: Scroll            |     2 |       ||     2
  Eat: Chunk             |     2 |       ||     2
Armor: Leather armour    |    49 |     5 ||    54
Dodge: Dodged            |    65 |     9 ||    74
Block: Shield            |    42 |     9 ||    51
